 Dungeon Crawl Stone Soup version 0.21.1-1-g345015fe64 (webtiles) character file.

2104 Htamos the Cleaver (level 8, -5/66 HPs)
             Began as a Demigod Gladiator on July 5, 2018.
             Slain by an orc warrior
             ... wielding a +0 trident
              (14 damage)
             ... on level 7 of the Dungeon.
             The game lasted 00:16:52 (6310 turns).

Htamos the Cleaver (Demigod Gladiator)              Turns: 6310, Time: 00:16:52

Health: -5/66      AC: 13    Str: 21    XL:     8   Next: 80%
Magic:  10/10      EV: 10    Int: 12    God:
Gold:   480        SH:  0    Dex: 17    Spells: 7/7 levels left

rFire    . . .     SeeInvis .   u - +5 hand axe (chop)
rCold    . . .     Gourm    .   (no shield)
rNeg     . . .     Faith    .   e - +0 chain mail
rPois    .         Spirit   .   c - +0 helmet
rElec    .         Reflect  .   C - +0 cloak
rCorr    .         Harm     .   H - +0 pair of gloves
MR       .....                  (no boots)
Stlth    ..........             (no amulet)
HPRegen  0.21/turn              (no ring)
MPRegen  0.12/turn              (no ring)

@: no status effects
A: high mp 1
a: no special abilities


You were on level 7 of the Dungeon.
You were hungry.

You visited 1 branch of the dungeon, and saw 7 of its levels.
You also visited: Sewer.

You collected 480 gold pieces.

Inventory:

Hand Weapons
 a - a +0 war axe
 u - a +5 hand axe of chopping (weapon)
 D - a +1 whip of distortion
Missiles
 d - 4 throwing nets (quivered)
Armour
 c - a +0 helmet (worn)
 e - a +0 chain mail (worn)
 C - a +0 cloak (worn)
 F - the +1 pair of boots of Goiwk {+Fly MR- Regen+ Str-5}
   (You found it on level 5 of the Dungeon)

   It affects your strength (-5).
   It affects your resistance to hostile enchantments.
   It lets you fly.
   It increases your rate of regeneration.
 H - a +0 pair of gloves (worn)
Jewellery
 j - a cursed ring of teleportation {unknown}
 r - an uncursed ring of protection from cold {unknown}
 v - an uncursed ring of stealth {unknown}
 x - a +3 ring of intelligence {unknown}
 M - an uncursed ring of ice {unknown}
 R - an uncursed amulet of guardian spirit {unknown}
Wands
 b - a wand of polymorph (14)
 t - a wand of acid (4)
 G - a wand of enslavement (9)
 J - a wand of paralysis (9)
Scrolls
 g - a scroll of magic mapping {unknown}
 h - 4 scrolls of identify {unknown}
 k - a scroll of fog {unknown}
 m - a scroll of random uselessness {unknown}
 n - 3 scrolls of fear {unknown}
 p - 2 scrolls of blinking {unknown}
 s - a scroll of enchant armour {unknown}
 y - 7 scrolls of teleportation {unknown}
 z - a scroll of noise {unknown}
 B - 3 scrolls of enchant weapon {unknown}
 E - a scroll of immolation {unknown}
 K - 3 scrolls of remove curse {unknown}
 L - a scroll of brand weapon {unknown}
 N - a scroll of amnesia {unknown}
Potions
 i - 5 potions of curing {unknown}
 l - 3 potions of heal wounds {unknown}
 o - a potion of invisibility {unknown}
 q - 2 potions of magic {unknown}
 w - 4 potions of degeneration {unknown}
 A - 2 potions of cancellation {unknown}
 I - a potion of berserk rage
 O - a potion of haste {unknown}
 Q - a potion of might {unknown}
Books
 P - a book of Power

   Spells                             Type                      Level
   a - Iskenderun's Battlesphere      Conjuration/Charms           5
   b - Venom Bolt                     Conjuration/Poison           5
   c - Bolt of Magma                  Conjuration/Fire/Earth       5
   d - Iron Shot                      Conjuration/Earth            6
   e - Orb of Destruction             Conjuration                  7
   f - Spellforged Servitor           Conjuration/Summoning        7
Comestibles
 f - 5 rations


   Skills:
 + Level 4.0 Fighting
 + Level 8.5 Axes
 - Level 1.7 Throwing
 * Level 5.2 Armour
 * Level 4.4 Dodging


You had 7 spell levels left.
You didn't know any spells.

Dungeon Overview and Level Annotations

Branches:
Dungeon (7/15)             Temple (0/1) D:4


Innate Abilities, Weirdness & Mutations

You have an increased reservoir of magic. (+10% MP)


Message History

The hippogriff barely misses you.
The orc warrior hits you but does no damage.
You barely miss the hippogriff.
The hippogriff is almost dead.
The hippogriff bites you.
The hippogriff pecks you but does no damage.
The hippogriff claws you but does no damage.
You hit the hippogriff.
You kill the hippogriff!
Your Fighting skill increases to level 4!
Your Armour skill increases to level 5!
The orc warrior barely misses you.
You slash the orc!
You kill the orc!
The orc warrior barely misses you.
The orc warrior hits you with a trident!
* * * LOW HITPOINT WARNING * * *
Items here: )) [ ††† The orc warrior hits you with a trident!
You die...

.# #..#####. .# #.#
#####..#.... ... ##..
..(......### ?..# ##..#
#######..## ...###...#
##..#
#.......#############.##
...#.##.................
##....#####...........
#....@).....########..
(......#.o####### ..
##....$.?## #. #........
. #......... .
##.#.#..... #.#..(.....
# #........#


You could see an orc warrior.

Vanquished Creatures
  Grinder (D:3)
  A hippogriff (D:7)
  The ghost of lis82 the Magician, an amateur DEWz (D:4)
  2 ice beasts
  2 sky beasts (D:5)
  An ogre (D:6)
  3 wights (D:6)
  4 killer bees
  2 crimson imps
  A centaur zombie (D:7)
  A hound (D:4)
  2 jellies (D:5)
  A centaur skeleton (D:6)
  3 orc priests (D:4)
  An orc wizard (D:3)
  Terence (D:2)
  4 worker ants
  Ijyb (D:4)
  4 gnolls (D:4)
  2 river rats (Sewer)
  12 adders
  2 shadow imps
  A white imp (D:5)
  2 oozes
  3 adder zombies
  3 adder skeletons
  4 worms
  2 dart slugs (D:2)
  31 orcs
  10 bats
  6 giant cockroaches
  9 goblins
  8 hobgoblins
  16 jackals
  3 quokkas
  7 ball pythons
  13 frilled lizards
  3 hobgoblin zombies (D:5)
  6 kobolds
  2 kobold skeletons (D:5)
  3 kobold zombies (D:5)
  A quokka skeleton (D:6)
  12 rats
197 creatures vanquished.

Notes
Turn   | Place    | Note
-------+----------+-------------------------------------------
     0 | D:1      | Htamos the Demigod Gladiator began the quest for the Orb.
     0 | D:1      | Reached XP level 1. HP: 17/17 MP: 3/3
   156 | D:1      | Reached skill level 3 in Axes
   179 | D:1      | Reached XP level 2. HP: 24/24 MP: 4/4
   518 | D:1      | Reached XP level 3. HP: 29/29 MP: 5/5
   898 | D:2      | Reached skill level 4 in Axes
  1008 | D:2      | Reached XP level 4. HP: 17/36 MP: 6/6
  1410 | D:2      | Noticed Terence
  1419 | D:2      | Killed Terence
  1617 | D:3      | Reached skill level 5 in Axes
  1617 | D:3      | Reached XP level 5. HP: 38/41 MP: 7/7
  1710 | D:3      | Noticed Grinder
  1710 | D:3      | Paralysed by Grinder for 5 turns
  1832 | D:3      | Killed Grinder
  1832 | D:3      | Reached skill level 6 in Axes
  1832 | D:3      | Reached XP level 6. HP: 19/50 MP: 8/8
  2594 | D:4      | Found a staircase to the Ecumenical Temple.
  2637 | D:4      | Reached skill level 1 in Armour
  2744 | D:4      | Reached XP level 7. HP: 28/57 MP: 9/9
  2758 | D:4      | Reached skill level 7 in Axes
  2805 | D:4      | Noticed lis82's ghost (amateur DEWz)
  2982 | D:4      | Found a radiant altar of Vehumet.
  2983 | D:4      | Found a hazy altar of Hepliaklqana.
  2983 | D:4      | Found a burning altar of Makhleb.
  2985 | D:4      | Found an ornate altar of the Wu Jian Council.
  2985 | D:4      | Noticed Ijyb
  3000 | D:4      | Killed Ijyb
  3156 | D:4      | Killed lis82's ghost
  3439 | D:5      | Entered Level 5 of the Dungeon
  3548 | D:5      | Found a basalt altar of Yredelemnul.
  3913 | D:5      | Found a glowing golden altar of the Shining One.
  3937 | D:5      | Got a pair of heavily runed boots
  3943 | D:5      | Identified the +1 pair of boots of Goiwk {+Fly MR- Regen+ Str-5} (You found it on level 5 of the Dungeon)
  3989 | D:5      | Reached XP level 8. HP: 40/63 MP: 10/10
  4804 | D:6      | Reached skill level 8 in Axes
  4915 | D:6      | Found a glowing drain.
  4932 | Sewer    | Entered a sewer
  6288 | D:7      | Noticed a hippogriff
  6307 | D:7      | Killed a hippogriff
  6307 | D:7      | Reached skill level 5 in Armour
  6310 | D:7      | Slain by an orc warrior

Skill      XL: |  1  2  3  4  5  6  7  8 |
---------------+-------------------------+-----
Axes           | 3 4 5 6 7 8 |  8.5
Fighting       | 2 3 4 |  4.0
Dodging        | 3 4 |  4.4
Armour         | 1 3 5 |  5.2
Throwing       | |  1.7

Action                   |  1- 3 |  4- 6 |  7- 9 || total
-------------------------+-------+-------+-------++-------
Melee: War axe           |   112 |    33 |       ||   145
       Unarmed           |     7 |       |       ||     7
       Hand axe          |       |   136 |   278 ||   414
  Eat: Chunk             |     1 |     5 |     8 ||    14
       Ration            |       |       |     1 ||     1
Armor: Chain mail        |    78 |    79 |   133 ||   290
Dodge: Dodged            |    67 |    59 |   104 ||   230
